 Dungeon Crawl Stone Soup version 0.31.0-11-ge490571c62 (webtiles) character file.

Game seed: 16030323510967139776

8352 qw the Nimble (level 11, -1/55 HPs)
             Began as a Spriggan Hunter on Feb 4, 2024.
             Was a Priest of Okawaru.
             Slain by a seven-headed hydra (8 damage)
             ... on level 2 of the Lair of Beasts.
             The game lasted 00:00:52 (8982 turns).

qw the Nimble (Spriggan Hunter)                     Turns: 8982, Time: 00:00:53

Health: -1/55      AC:  2    Str:  7    XL:     11   Next: 8%
Magic:  11/15      EV: 29    Int: 12    God:    Okawaru [***...]
Gold:   372        SH:  0    Dex: 22    Spells: 10/10 levels left

rFire   + + .        a - +3 shortbow
rCold   + . .        (shield currently unavailable)
rNeg    . . .        b - +0 robe {rF+}
rPois   +            (helmet restricted)
rElec   .            h - scarf {rC+ rF+}
rCorr   .            (gloves unavailable)
SInv    +            (boots unavailable)
Will    +....        m - amulet of the acrobat
Stlth   ++           n - ring of poison resistance
HPRegen 0.29/turn    (no ring)
MPRegen 0.14/turn

%: acrobat
@: finesse-ful, very quick
A: very small, no large weapons, unfitting armour, see invisible, speed 3
a: Renounce Religion, Heroism


You were on level 2 of the Lair of Beasts.
You worshipped Okawaru.
Okawaru was most pleased with you.
You visited 3 branches of the dungeon, and saw 11 of its levels.

You collected 562 gold pieces.
You spent 190 gold pieces at shops.


Innate Abilities, Weirdness & Mutations

You are very small and have problems with some larger weapons.
You are too small for most types of armour.
You have supernaturally acute eyesight. (SInv)
You cover ground extremely quickly. (Speed+++)


   Skills:
 - Level 5.0 Fighting
 + Level 12.7 Ranged Weapons
 - Level 13.0 Dodging
 - Level 1.5 Stealth
 - Level 4.1 Invocations


You had 10 spell levels left.
You didn't know any spells.
Your spell library was empty.

Inventory:

Hand Weapons
 a - a +3 shortbow (weapon)
Armour
 b - a +0 robe of fire resistance (worn)
 h - a scarf of resistance (worn)
 r - a +0 cloak
Jewellery
 m - an amulet of the acrobat (around neck)
 n - a ring of poison resistance (left hand)
 q - a ring of protection from fire
Wands
 e - a wand of iceblast (6)
 j - a wand of acid (2)
 k - a wand of polymorph (11)
 s - a wand of paralysis (6)
Scrolls
 c - a scroll of poison {unknown}
 l - a scroll of identify
 p - a scroll of fog {unknown}
Potions
 d - 3 potions of might
 f - 3 potions of curing
 g - a potion of cancellation
 i - 2 potions of enlightenment
 o - a potion of magic

Dungeon Overview and Level Annotations

Branches:
Dungeon (8/15)             Temple (1/1) D:6            Lair (2/5) D:8
 Spider (0/4) Lair:2
  Swamp: Lair:2-3    Shoals: Lair:2-3

Altars:
Ashenzari
Cheibriados
Dithmenos
Elyvilon
Fedhas
Gozag
Hepliaklqana
Kikubaaqudgha
Makhleb
Nemelex Xobeh
Okawaru
Qazlal
Ru
Sif Muna
Trog
Uskayaw
Vehumet
Wu Jian
Yredelemnul
Zin
The Shining One

Shops:
D:1 *   D:3 ?   D:5 *

Annotations:
Lair:2 exclusion: oklob plant


Message History

The seven-headed hydra roars!
8968 ||| INVOKING Finesse.
You can now deal lightning-fast blows.
You can no longer speed up your combat.
You shoot an arrow. The arrow hits the seven-headed hydra.
The seven-headed hydra is lightly wounded.
You shoot an arrow. The arrow hits the seven-headed hydra.
The seven-headed hydra is lightly wounded.
You start resting.
A seven-headed hydra is nearby!
You shoot an arrow.
The arrow completely misses the seven-headed hydra.
You shoot an arrow. The arrow hits the seven-headed hydra!
The seven-headed hydra is moderately wounded.
You shoot an arrow. The arrow hits the seven-headed hydra!
The seven-headed hydra is moderately wounded.
You shoot an arrow. The arrow hits the seven-headed hydra!
The seven-headed hydra is heavily wounded.
You shoot an arrow.
The arrow barely misses the seven-headed hydra.
You shoot an arrow.
The arrow barely misses the seven-headed hydra.
You shoot an arrow. The arrow hits the seven-headed hydra!
The seven-headed hydra is severely wounded.
You shoot an arrow. The arrow hits the seven-headed hydra!
The seven-headed hydra is severely wounded.
The seven-headed hydra barely misses you.
The seven-headed hydra bites you.
The seven-headed hydra completely misses you.
The seven-headed hydra misses you. The seven-headed hydra bites you! x2
The seven-headed hydra completely misses you.
You shoot an arrow.
The arrow completely misses the seven-headed hydra.
You shoot an arrow.
The arrow barely misses the seven-headed hydra.
You shoot an arrow. The arrow hits the seven-headed hydra.
The seven-headed hydra is severely wounded.
The seven-headed hydra bites you! The seven-headed hydra misses you.
The seven-headed hydra bites you! x2
You die...

## ## #.#.# #####.##### ### ###
##......##P# ##.######.###
...........#######.#.##..#.#.####
.............).##.............#.#
................@..............##
..............#D...............#
...............#P.............##.
...............###...........##..
.........<.....# ##.......####.#
..#............# #....####...#
...#.........#.# ##...####..P#
...#P....##.. ##....#..#
..###..#. ##......##


You could see a seven-headed hydra.

Vanquished Creatures
  A manticore (Lair:2)
  4 komodo dragons
  5 cane toads
  Jeremiah (D:6)
  A polar bear (Lair:2)
  A warg (D:8)
  A wyvern (Lair:2)
  A steam dragon (Lair:2)
  A basilisk (Lair:1)
  8 water moccasins
  An ice beast (D:8)
  An orc warrior (D:8)
  2 ogres
  20 wolves
  A centaur (D:8)
  2 kobold brigands
  5 bullfrogs
  2 scorpions
  An electric eel (Lair:1)
  2 jellies
  7 hounds
  3 orc priests
  A gnoll bouda (D:4)
  4 iguanas
  3 sleepcaps
  8 orc wizards
  9 gnolls
  6 adders
  2 shadow imps
  2 white imps (D:8)
  2 ufetubi (D:4)
  A dart slug (D:1)
  4 ribbon worms
  16 orcs
  4 ball pythons
  9 bats
  8 endoplasms
  7 giant cockroaches
  7 goblins
  9 hobgoblins
  6 jackals
  7 quokkas
  2 frilled lizards (D:3)
  14 kobolds
  7 rats
209 creatures vanquished.

Notes
Turn   | Place    | Note
-------+----------+-------------------------------------------
     0 | D:1      | qw the Spriggan Hunter began the quest for the Orb.
     0 | D:1      | Reached XP level 1. HP: 10/10 MP: 2/2
     0 | D:1      | 0 ||| qw: Version: 0.3-a-160-g6735b56
     0 | D:1      | 0 ||| qw: Game counter: 5650
     0 | D:1      | 0 ||| qw: Melee chars always use a shield: true
     0 | D:1      | 0 ||| qw: God list: Okawaru
     0 | D:1      | 0 ||| qw: Allow faded altars: false
     0 | D:1      | 0 ||| qw: Do Orc after clearing Dungeon:15 true
     0 | D:1      | 0 ||| qw: Do second Lair branch before Depths: true
     0 | D:1      | 0 ||| qw: Lair rune preference: random
     0 | D:1      | 0 ||| qw: Goals: Normal
     0 | D:1      | 0 ||| PLANNING D:1-11
    22 | D:1      | Reached skill level 3 in Dodging
    96 | D:1      | Found Uptaj's General Store.
   101 | D:1      | Reached XP level 2. HP: 14/14 MP: 3/3
   105 | D:1      | Reached skill level 4 in Dodging
   117 | D:1      | 117 ||| SHOPLISTING scroll of identify (20 gold, have 9).
   361 | D:1      | 361 ||| READING scroll labelled EJUOZXIUME.
   362 | D:1      | 362 ||| READING scroll labelled EPPUYC DEOXA.
   363 | D:1      | 363 ||| DROPPING scroll of butterflies.
   413 | D:2      | Reached XP level 3. HP: 9/18 MP: 4/4
   760 | D:2      | 760 ||| FLEEEEING.
   761 | D:2      | 761 ||| FLEEEEING.
   762 | D:2      | 762 ||| FLEEEEING.
   763 | D:2      | 763 ||| FLEEEEING.
   764 | D:2      | 764 ||| FLEEEEING.
   765 | D:2      | 765 ||| FLEEEEING.
   766 | D:2      | 766 ||| FLEEEEING.
   835 | D:2      | 835 ||| READING scroll labelled NUSOHA DUVAHU.
   836 | D:2      | 836 ||| READING 2 scrolls labelled YHOXZO HIESIR.
   836 | D:2      | 836 ||| IDENTIFYING bubbling sapphire potion
   837 | D:2      | 837 ||| READING scroll of identify.
   837 | D:2      | 837 ||| IDENTIFYING emerald potion
   838 | D:2      | 838 ||| READING scroll labelled OXTEOR OSAOGG.
   839 | D:2      | 839 ||| DRINKING 2 metallic amethyst potions.
   866 | D:3      | Noticed a scorpion
   867 | D:3      | 867 ||| DRINKING potion of haste.
   875 | D:3      | Killed a scorpion
   876 | D:3      | Reached XP level 4. HP: 22/22 MP: 5/5
   989 | D:3      | Reached XP level 5. HP: 25/25 MP: 6/6
  1027 | D:3      | Found a blossoming altar of Fedhas.
  1027 | D:3      | Found an ancient bone altar of Kikubaaqudgha.
  1055 | D:3      | Found Uvvov's Magic Scroll Shoppe.
  1058 | D:3      | 1058 ||| BUYING scroll of enchant weapon (105 gold).
  1058 | D:3      | Bought a scroll of enchant weapon for 105 gold pieces
  1058 | D:3      | 1058 ||| SHOPLISTING scroll of identify (28 gold, have 23).
  1058 | D:3      | 1058 ||| SHOPLISTING scroll of teleportation (42 gold, have
                  | 23).
  1058 | D:3      | 1058 ||| READING scroll of enchant weapon.
  1058 | D:3      | 1058 ||| ENCHANTING +0 shortbow.
  1268 | D:3      | Reached skill level 5 in Dodging
  1746 | D:3      | 1746 ||| UPGRADING to +0 robe of fire resistance.
  1756 | D:3      | 1756 ||| DROPPING +0 robe.
  1757 | D:3      | 1757 ||| UPGRADING to scarf of resistance.
  1762 | D:3      | 1762 ||| READING scroll labelled EZOTEC TALE.
  1863 | D:3      | 1863 ||| DRINKING 2 fuming golden potions.
  1864 | D:3      | 1864 ||| DROPPING potion of brilliance.
  1889 | D:4      | Noticed an ogre
  1892 | D:4      | 1892 ||| STAIRDANCE
  1898 | D:4      | 1898 ||| STAIRDANCE
  1909 | D:4      | 1909 ||| STAIRDANCE
  1913 | D:3      | Killed an ogre
  1914 | D:3      | Reached skill level 6 in Ranged Weapons
  1914 | D:3      | Reached XP level 6. HP: 11/30 MP: 7/7
  2110 | D:4      | Reached skill level 6 in Dodging
  2528 | D:4      | 2528 ||| UPGRADING to amulet of the acrobat.
  2533 | D:4      | 2533 ||| READING scroll of identify.
  2533 | D:4      | 2533 ||| IDENTIFYING golden potion
  2534 | D:4      | 2534 ||| READING scroll labelled GUUXZU IHELA.
  2587 | D:4      | 2587 ||| DROPPING potion of invisibility.
  2596 | D:5      | Entered Level 5 of the Dungeon
  2681 | D:5      | Reached XP level 7. HP: 35/35 MP: 8/8
  2686 | D:5      | 2686 ||| FLEEEEING.
  2687 | D:5      | 2687 ||| FLEEEEING.
  2688 | D:5      | 2688 ||| FLEEEEING.
  2689 | D:5      | 2689 ||| FLEEEEING.
  2690 | D:5      | 2690 ||| FLEEEEING.
  2692 | D:5      | 2692 ||| FLEEEEING.
  2693 | D:5      | 2693 ||| FLEEEEING.
  2815 | D:5      | 2815 ||| READING scroll of enchant weapon.
  2815 | D:5      | 2815 ||| ENCHANTING +1 shortbow.
  2887 | D:5      | Identified the +10 scimitar of Towutoys {flame, +Blink Fly
                  | Str+5 Dex-2}
  2973 | D:5      | Found Zulautott's General Store.
  2978 | D:5      | 2978 ||| BUYING potion of curing (33 gold).
  2978 | D:5      | Bought a potion of curing for 33 gold pieces
  2978 | D:5      | 2978 ||| BUYING wand of iceblast (2) (52 gold).
  2978 | D:5      | Bought a wand of iceblast (2) for 52 gold pieces
  2978 | D:5      | 2978 ||| SHOPLISTING wand of paralysis (2) (52 gold, have
                  | 47).
  3005 | D:5      | Reached skill level 7 in Dodging
  3076 | D:5      | 3076 ||| READING scroll of enchant weapon.
  3076 | D:5      | 3076 ||| ENCHANTING +2 shortbow.
  3290 | D:5      | Identified the +1 spear of Erohac {freeze, rC+ rCorr}
  3517 | D:5      | Reached skill level 3 in Fighting
  3590 | D:5      | 3590 ||| UPGRADING to ring of poison resistance.
  3591 | D:5      | 3591 ||| READING 2 scrolls labelled FITHAR YCABU.
  3594 | D:5      | 3594 ||| DRINKING 2 glowing purple potions.
  3595 | D:5      | 3595 ||| DRINKING 3 potions of curing.
  3595 | D:5      | 3595 ||| (to cure confusion)
  3596 | D:5      | 3596 ||| DROPPING potion of ambrosia.
  3613 | D:6      | Reached XP level 8. HP: 32/40 MP: 9/9
  3672 | D:6      | Reached skill level 8 in Dodging
  4024 | D:6      | Noticed Jeremiah
  4025 | D:6      | 4025 ||| ZAPPING wand of iceblast (10) at -1,4 (Jeremiah;
                  | floor).
  4041 | D:6      | 4041 ||| ZAPPING wand of iceblast (9) at 5,-1 (Jeremiah;
                  | floor).
  4044 | D:6      | 4044 ||| ZAPPING wand of iceblast (8) at 3,-1 (Jeremiah;
                  | floor).
  4057 | D:6      | 4057 ||| ZAPPING wand of iceblast (7) at 2,1 (floor).
  4057 | D:6      | Killed Jeremiah
  4058 | D:6      | Reached skill level 9 in Ranged Weapons
  4436 | D:6      | Found a staircase to the Ecumenical Temple.
  4437 | D:6      | 4437 ||| PLANNING TEMPLE
  4437 | D:6      | 4437 ||| READING 3 scrolls of identify.
  4437 | D:6      | 4437 ||| IDENTIFYING sedimented inky potion
  4438 | D:6      | 4438 ||| READING 2 scrolls of identify.
  4438 | D:6      | 4438 ||| IDENTIFYING coppery potion
  4439 | D:6      | 4439 ||| READING scroll of identify.
  4439 | D:6      | 4439 ||| IDENTIFYING orange potion
  4445 | Temple   | Entered the Ecumenical Temple
  4446 | Temple   | 4446 ||| PLANNING OKAWARU WORSHIP
  4450 | Temple   | Became a worshipper of Warmaster Okawaru
  4451 | Temple   | 4451 ||| PLANNING D:1-11
  4924 | D:7      | Reached skill level 9 in Dodging
  5084 | D:7      | Identified the +5 trident of the Middle {freeze, rC+ rN++}
  5242 | D:7      | 5242 ||| READING 2 scrolls of identify.
  5242 | D:7      | 5242 ||| IDENTIFYING red potion
  5243 | D:7      | 5243 ||| READING scroll of identify.
  5243 | D:7      | 5243 ||| IDENTIFYING bubbling pink potion
  5244 | D:7      | 5244 ||| READING scroll labelled IWKOGU MOEB.
  5245 | D:7      | 5245 ||| DROPPING potion of attraction.
  5316 | D:8      | 5316 ||| RETREEEEATING.
  5334 | D:8      | HP: 10/40 [wolf (5)]
  5335 | D:8      | 5335 ||| READING 3 scrolls of teleportation.
  5336 | D:8      | 5336 ||| DRINKING 2 potions of heal wounds.
  5338 | D:8      | Reached XP level 9. HP: 28/44 MP: 10/10
  5485 | D:8      | Reached * piety under Okawaru
  5558 | D:8      | Found a staircase to the Lair.
  5665 | D:8      | Reached skill level 1 in Invocations
  5720 | D:8      | HP: 9/44 [orc warrior/+0 halberd (18)]
  5721 | D:8      | 5721 ||| READING 2 scrolls of teleportation.
  5721 | D:8      | HP: 1/44 [orc wizard/magic dart (8)]
  5722 | D:8      | 5722 ||| DRINKING potion of heal wounds.
  5724 | D:8      | Reached skill level 10 in Dodging
  6347 | D:8      | Reached skill level 3 in Invocations
  6554 | D:8      | 6554 ||| PLANNING LAIR
  6554 | D:8      | 6554 ||| DROPPING wand of flame (24).
  6651 | Lair:1   | Entered Level 1 of the Lair of Beasts
  6660 | Lair:1   | Noticed a komodo dragon
  6661 | Lair:1   | 6661 ||| INVOKING Heroism.
  6674 | Lair:1   | Killed a komodo dragon
  6771 | Lair:1   | Noticed a cane toad
  6772 | Lair:1   | 6772 ||| RETREEEEATING.
  6774 | Lair:1   | 6774 ||| RETREEEEATING.
  6783 | Lair:1   | 6783 ||| RETREEEEATING.
  6791 | Lair:1   | 6791 ||| INVOKING Heroism.
  6802 | Lair:1   | Killed a cane toad
  6803 | Lair:1   | Reached skill level 11 in Dodging
  6807 | Lair:1   | Reached ** piety under Okawaru
  6859 | Lair:1   | Noticed a cane toad
  6860 | Lair:1   | 6860 ||| INVOKING Heroism.
  6868 | Lair:1   | Killed a cane toad
  6869 | Lair:1   | Reached XP level 10. HP: 45/50 MP: 11/14
  6932 | Lair:1   | 6932 ||| RETREEEEATING.
  6939 | Lair:1   | 6939 ||| RETREEEEATING.
  6940 | Lair:1   | 6940 ||| RETREEEEATING.
  7099 | Lair:1   | 7099 ||| RETREEEEATING.
  7100 | Lair:1   | 7100 ||| RETREEEEATING.
  7101 | Lair:1   | 7101 ||| RETREEEEATING.
  7102 | Lair:1   | 7102 ||| RETREEEEATING.
  7103 | Lair:1   | 7103 ||| RETREEEEATING.
  7104 | Lair:1   | 7104 ||| RETREEEEATING.
  7105 | Lair:1   | 7105 ||| RETREEEEATING.
  7116 | Lair:1   | Reached skill level 12 in Dodging
  7169 | Lair:1   | Reached *** piety under Okawaru
  7444 | Lair:1   | Noticed a cane toad
  7445 | Lair:1   | 7445 ||| INVOKING Heroism.
  7450 | Lair:1   | Killed a cane toad
  7451 | Lair:1   | Reached skill level 12 in Ranged Weapons
  7530 | Lair:1   | 7530 ||| RETREEEEATING.
  7531 | Lair:1   | 7531 ||| RETREEEEATING.
  7532 | Lair:1   | 7532 ||| RETREEEEATING.
  7533 | Lair:1   | 7533 ||| RETREEEEATING.
  7534 | Lair:1   | 7534 ||| RETREEEEATING.
  7535 | Lair:1   | 7535 ||| RETREEEEATING.
  7536 | Lair:1   | 7536 ||| RETREEEEATING.
  7537 | Lair:1   | 7537 ||| RETREEEEATING.
  7538 | Lair:1   | 7538 ||| RETREEEEATING.
  7540 | Lair:1   | 7540 ||| RETREEEEATING.
  7543 | Lair:1   | 7543 ||| RETREEEEATING.
  7545 | Lair:1   | 7545 ||| RETREEEEATING.
  7547 | Lair:1   | 7547 ||| RETREEEEATING.
  7912 | Lair:2   | Found a hole to the Spider Nest.
  7954 | Lair:2   | 7954 ||| RETREEEEATING.
  7956 | Lair:2   | 7956 ||| RETREEEEATING.
  7957 | Lair:2   | 7957 ||| RETREEEEATING.
  7993 | Lair:2   | Reached skill level 13 in Dodging
  8108 | Lair:2   | Reached **** piety under Okawaru
  8338 | Lair:2   | Noticed a manticore
  8339 | Lair:2   | 8339 ||| INVOKING Finesse.
  8353 | Lair:2   | HP: 8/51 [manticore/volley of spikes (8)]
  8354 | Lair:2   | 8354 ||| READING 2 scrolls of teleportation.
  8358 | Lair:2   | Killed a manticore
  8359 | Lair:2   | Reached XP level 11. HP: 9/55 MP: 10/15
  8544 | Lair:2   | Noticed an oklob plant
  8545 | Lair:2   | 8545 ||| INVOKING Finesse.
  8546 | Lair:2   | 8546 ||| INVOKING Finesse.
  8558 | Lair:2   | HP: 11/55 [oklob plant/splash of acid (23)]
  8559 | Lair:2   | 8559 ||| READING scroll of teleportation.
  8967 | Lair:2   | Noticed a seven-headed hydra
  8968 | Lair:2   | 8968 ||| INVOKING Finesse.
  8982 | Lair:2   | HP: 7/55 [seven-headed hydra (16)]
  8982 | Lair:2   | Slain by a seven-headed hydra

Levels and vault maps discovered:
D:1:      zaba_arrival_water, layout_rooms, serial_shops, shop,
          reono_crystal_passage
D:2:      layout_rooms, nrook_mini_vaults
D:3:      minmay_octagon_keep, layout_basic,
          grunt_temple_overflow_growth_and_decay, serial_shops,
          nicolae_shop_tiny_real_fake_doors
D:4:      layout_basic
D:5:      layout_loops_ring, serial_shops, kennysheep_little_box
D:6:      layout_loops_ring, minmay_temple_entry_enclosed_plants, uniq_jeremiah
D:7:      layout_basic, serial_corexii_hall, corexii_hall_statues_i,
          corexii_hall_statues_t, chequers_hall_statues_corner_a,
          corexii_hall_statues_deadend
D:8:      layout_basic, erik_lair_orcish_takeover, nicolae_the_louvre
Temple:   compressed_dpeg_triangle_lava_temple
Lair:1:   beast_lair_carwin_large_4, layout_regular_city, serial_bayou_ford_a
Lair:2:   layout_cave_pods, minmay_shoals_entry_beasts,
          spider_nest_entry_web_field, minmay_lair_oklob_bushes,
          chequers_serial_rivers_room_a, grunt_megastairs_3

Skill      XL: |  1  2  3  4  5  6  7  8  9 10 |
---------------+-------------------------------+-----
Dodging        | 3 4 5 6 7 9 11 13 | 13.0
Ranged Weapons | 5 6 7 8 9 10 12 | 12.7
Fighting       | 2 3 4 5 |  5.0
Invocations    | 4 |  4.1
Stealth        | |  1.5

Action                     |  1- 3 |  4- 6 |  7- 9 | 10-12 || total
---------------------------+-------+-------+-------+-------++-------
  Melee: Unarmed           |     6 |       |       |       ||     6
   Fire: Shortbow          |    95 |   172 |   380 |   284 ||   931
 Invoke: Heroism           |       |       |     3 |     1 ||     4
         Finesse           |       |       |       |     3 ||     3
  Evoke: Wand              |       |       |     4 |       ||     4
    Use: Scroll            |     6 |     4 |    11 |     2 ||    23
         Potion            |     2 |     1 |     4 |       ||     7
 Armour: Robe              |     4 |    14 |    50 |    34 ||   102
  Dodge: Dodged            |    24 |    69 |   170 |   159 ||   422

Table legend:
 A = Non-vault XP
 B = Vault XP
 C = Vault XP percentage of total XP
 D = Non-vault monster count
 E = Vault monster count
 F = Vault count percentage of total count
                 A         B        C        D         E       F
            +---------+---------+-------+---------+---------+-------
      Total |    8137 |    3795 |  31.8 |     164 |      45 |  21.5
            +---------+---------+-------+---------+---------+-------
        D:1 |      39 |       0 |   0.0 |      22 |       0 |   0.0
        D:2 |      36 |       0 |   0.0 |      17 |       0 |   0.0
        D:3 |     268 |      35 |  11.6 |      16 |      13 |  44.8
        D:4 |     326 |       0 |   0.0 |      28 |       0 |   0.0
        D:5 |     690 |       0 |   0.0 |      23 |       0 |   0.0
        D:6 |     501 |     341 |  40.5 |      15 |       1 |   6.2
        D:7 |     246 |       0 |   0.0 |       5 |       0 |   0.0
        D:8 |     736 |     579 |  44.0 |      14 |       9 |  39.1
     Lair:1 |    3742 |    1564 |  29.5 |      18 |      17 |  48.6
     Lair:2 |    1553 |    1276 |  45.1 |       6 |       5 |  45.5
            +---------+---------+-------+---------+---------+-------
